 Dungeon Crawl Stone Soup version 0.30-a0-626-gd6a5dd7a1f (webtiles) character file.

Game seed: 6002623319190267038

615 flotson the Sneak (level 7, 0/54 HPs)
             Began as a Demonspawn Delver on Jan 11, 2023.
             Succumbed to a gnoll sergeant's poison
             ... on level 6 of the Dungeon.
             The game lasted 00:09:22 (5663 turns).

flotson the Sneak (Demonspawn Delver)               Turns: 5663, Time: 00:09:22

Health: 0/54       AC: 13    Str: 14    XL:     7   Next: 21%
Magic:  7/7        EV: 10    Int: 11    God:
Gold:   231        SH:  8    Dex: 15    Spells: 6/6 levels left

rFire   . . .      SeeInvis .    A - +0 flail
rCold   . . .      Faith    .    n - +0 kite shield
rNeg    . . .      Spirit   .    p - +0 ring mail
rPois   .          Reflect  .    (helmet restricted)
rElec   .          Harm     .    h - +2 cloak
rCorr   +          Rampage  .    b - +0 pair of gloves
Will    .....                    (no boots)
Stlth   +++                      (no amulet)
HPRegen 0.29/turn                B - ring of resist corrosion
MPRegen 0.10/turn                C - +4 ring of protection

@: lethally poisoned (0 -> -13)
A: antennae 1, demonic guardian 1, powered by death 1, camouflage 1, mutation
resistance 1, MP-powered wands
a: no special abilities


You were on level 6 of the Dungeon.
You visited 2 branches of the dungeon, and saw 7 of its levels.

You collected 231 gold pieces.

Inventory:

Hand Weapons
 a - a +0 hand axe
 A - a +0 flail (weapon)
Missiles
 z - 2 poisoned darts (quivered)
Armour
 b - a +0 pair of gloves (worn)
 h - a +2 cloak (worn)
 n - a +0 kite shield (worn)
 p - a +0 ring mail (worn)
Jewellery
 B - a ring of resist corrosion (left hand)
 C - a +4 ring of protection (right hand)
Wands
 g - a wand of digging (3)
Scrolls
 c - 3 scrolls of fog
 d - a scroll of magic mapping
 i - a scroll of enchant weapon {unknown}
 j - 2 scrolls of immolation {unknown}
 k - a scroll of noise {unknown}
 l - 2 scrolls of butterflies {unknown}
 o - 2 scrolls of silence {unknown}
 q - 2 scrolls of blinking {unknown}
 v - 3 scrolls of identify
 x - a scroll of vulnerability {unknown}
 y - 3 scrolls of teleportation
 D - 2 scrolls of amnesia {unknown}
Potions
 f - 3 potions of haste
 m - a potion of berserk rage {unknown}
 r - 2 potions of lignification
 t - 2 potions of brilliance {unknown}
 u - a potion of degeneration {unknown}
 w - 2 potions of mutation


   Skills:
 + Level 4.3 Fighting
 - Level 2.0 Axes
 + Level 2.1 Throwing
 + Level 2.4 Armour
 + Level 3.3 Dodging
 - Level 5.0 Stealth
 + Level 2.3 Shields
 + Level 2.9 Evocations


You had 6 spell levels left.
You didn't know any spells.
Your spell library contained the following spells:

 Spells                   Type           Power      Damage    Failure   Level
 Apportation              Tloc           0%         N/A       93%         1
 Alistair's Intoxication  Tmut/Pois      0%         N/A       100%        5


Dungeon Overview and Level Annotations

Branches:
Dungeon (6/15)             Temple (1/1) D:4

Altars:
Dithmenos
Fedhas
Gozag
Kikubaaqudgha
Makhleb
Nemelex Xobeh
Qazlal
Ru
Sif Muna
Trog
Vehumet

Shops:
D:2 (


Innate Abilities, Weirdness & Mutations

You have a pair of small antennae on your head.
A weak demonic guardian rushes to your aid.
You regenerate a little health from kills.
Your skin changes colour to match your surroundings (Stealth+).
You are somewhat resistant to further mutation.
You expend magic power (3 MP) to strengthen your wands.


Message History

The gnoll sergeant hits you with a +2 spear of venom!
You are lethally poisoned!
You are too injured to fight recklessly!
You are too injured to fight recklessly!
You are too injured to fight recklessly!
You are too injured to fight recklessly!
You are too injured to fight recklessly!
You are too injured to fight recklessly!
You feel much better.
You feel very sick. The gnoll sergeant barely misses you.
You hit the gnoll sergeant but do no damage.
The gnoll sergeant is moderately wounded.
You feel very sick.
The gnoll sergeant hits you but does no damage.
You are more poisoned.
You block the gnoll sergeant's attack. The gnoll sergeant blocks your attack.
The gnoll sergeant is moderately wounded.
You feel very sick.
The gnoll sergeant hits you with a +2 spear of venom!
* * * LOW HITPOINT WARNING * * *
A demonic guardian appears!
The gnoll sergeant blocks your attack.
The gnoll sergeant is moderately wounded.
You feel very sick.
The gnoll sergeant hits you with a +2 spear of venom.
* * * LOW HITPOINT WARNING * * *
You are more poisoned.
The gnoll sergeant barely misses you.
You sock the gnoll sergeant!
The gnoll sergeant is almost dead.
* * * LOW HITPOINT WARNING * * *
You feel very sick. You block the gnoll sergeant's attack.
It was a potion of mutation.
You feel extremely strange.
Your skin functions as natural camouflage.
You feel your magical essence link to the dungeon's wands.
You feel genetically stable.
You die...

.# .# .# ##########
##.#
.........######..#
.#######.........#####
#.<###.........
#######..####...####
.........5@g.#...##
###.###..###((....#
#..#####(..##
#.............## .
.......#######.# ..
######.# #.#


gP$ #.# ##'## Pg.. ..# ##..g###..P.P #.# ##.........P.. You could see a gnoll
sergeant (poisoned, ally target) and a friendly white imp (summoned).

Vanquished Creatures
  An ogre (D:5)
  2 scorpions
  3 hounds
  A jelly (D:5)
  A gnoll bouda (D:5)
  2 iguanas
  8 gnolls (D:5)
  7 adders
  5 orcs (D:3)
  3 ball pythons
  8 endoplasms
  3 giant cockroaches
  4 goblins
  7 hobgoblins
  3 jackals (D:2)
  9 kobolds
  3 quokkas
  8 bats
  2 frilled lizards
  5 rats
85 creatures vanquished.

Vanquished Creatures (others)
  4 fungi (D:3)
  3 plants (D:6)
7 creatures vanquished.

Grand Total: 92 creatures vanquished

Notes
Turn   | Place    | Note
-------+----------+-------------------------------------------
     0 | D:5      | flotson the Demonspawn Delver began the quest for the Orb.
     0 | D:5      | Reached XP level 1. HP: 18/18 MP: 1/1
    62 | D:3      | Found a burning altar of Makhleb.
    75 | D:3      | Gained mutation: You regenerate a little health from kills.
                  | [demonic ancestry]
    75 | D:3      | Reached XP level 2. HP: 23/24 MP: 2/2
   280 | D:3      | Found a shimmering blue altar of Sif Muna.
   623 | D:1      | Gained mutation: You have a pair of small antennae on your
                  | head. [demonic ancestry]
   623 | D:1      | Reached XP level 3. HP: 25/29 MP: 3/3
   787 | D:1      | Reached skill level 1 in Evocations
   886 | D:1      | Reached skill level 1 in Armour
  1586 | D:2      | Reached XP level 4. HP: 30/35 MP: 4/4
  1680 | D:2      | Found a blossoming altar of Fedhas.
  1745 | D:2      | Found a faded altar of an unknown god.
  2280 | D:2      | Found Reatsag's Antique Weapon Emporium.
  2654 | D:3      | Noticed a scorpion
  2853 | D:3      | Reached skill level 1 in Shields
  2962 | D:3      | Killed a scorpion
  2963 | D:3      | Reached skill level 5 in Stealth
  2963 | D:3      | Reached XP level 5. HP: 41/41 MP: 5/5
  3081 | D:4      | Found a shadowy altar of Dithmenos.
  3135 | D:4      | Found a bloodstained altar of Trog.
  3165 | D:4      | Found a staircase to the Ecumenical Temple.
  3180 | Temple   | Entered the Ecumenical Temple
  3333 | D:4      | Found an opulent altar of Gozag.
  3497 | D:4      | Reached skill level 1 in Throwing
  3881 | D:5      | Noticed an ogre
  4397 | D:5      | Gained mutation: A weak demonic guardian rushes to your
                  | aid. [demonic ancestry]
  4397 | D:5      | Reached XP level 6. HP: 48/48 MP: 6/6
  5344 | D:5      | Reached XP level 7. HP: 54/54 MP: 7/7
  5662 | D:6      | HP: 2/54 [poisoned by a gnoll sergeant]
  5663 | D:6      | Gained mutation: Your skin changes colour to match your
                  | surroundings (Stealth+). [potion of mutation]
  5663 | D:6      | Gained mutation: You expend magic power (3 MP) to
                  | strengthen your wands. [potion of mutation]
  5663 | D:6      | Gained mutation: You are somewhat resistant to further
                  | mutation. [potion of mutation]
  5663 | D:6      | Succumbed to a gnoll sergeant's poison

Illustrated notes

Levels and vault maps discovered:
D:1:      minmay_arrival_stone_box, layout_basic
D:2:      minmay_chambers_of_ones, layout_basic, basic_altar, serial_shops,
          nicolae_lakefront_shop, shapermc_ecumenical_altar_notcrosses,
          serial_park_tiny_pond, serial_park_tiny_1
D:3:      minmay_door_path, layout_basic, mainiacjoe_overflow_boulevard,
          led_sif_book, serial_glass, glass_columns_a, glass_columns_a,
          glass_columns_a, glass_columns_c, glass_columns_b, glass_columns_a,
          glass_columns_b, glass_columns_a
D:4:      layout_gridville, grunt_dithmenos_smoke_and_mirrors,
          mainiacjoe_overflow_small_starburst,
          mainiacjoe_overflow_surrounded_room, temple_pool_b, serial_bayou,
          serial_bayou_pond_d, serial_bayou_shore_a, serial_bayou_crossing,
          serial_bayou_pond_e, minivault_24
D:5:      layout_layer_cave, lemuel_tele_altar, water_boxes_lemuel
D:6:      layout_loops_corners, cheibriados_altar_1, kennysheep_mini,
          fedhas_ov_isle_minmay, mainiacjoe_overflow_tiny_flanked,
          nicolae_grassy_gnolls, uniq_edmund, uniq_duvessa
Temple:   nicolae_temple_stand_before_the_council

Skill      XL: |  1  2  3  4  5  6 |
---------------+-------------------+-----
Axes           | 2 |  2.0
Dodging        | 2 3 |  3.3
Evocations     | 1 2 |  2.9
Armour         | 1 2 |  2.4
Shields        | 1 2 |  2.3
Stealth        | 5 |  5.0
Throwing       | 1 2 |  2.1
Fighting       | 4 |  4.3

Action                   |  1- 3 |  4- 6 |  7- 9 || total
-------------------------+-------+-------+-------++-------
Melee: Hand axe          |   148 |    52 |       ||   200
       Flail             |       |   147 |    18 ||   165
Throw: Dart              |       |    21 |    11 ||    32
  Use: Scroll            |       |     5 |       ||     5
       Potion            |       |     1 |     2 ||     3
 Stab: Sleeping          |     6 |     5 |     1 ||    12
Armor: Leather armour    |    15 |       |       ||    15
       Chain mail        |    53 |       |       ||    53
       Ring mail         |    39 |    78 |     6 ||   123
Dodge: Dodged            |    73 |   101 |    10 ||   184
Block: Kite shield       |    41 |    93 |     8 ||   142

Table legend: (Time is in decaauts)
 A = Elapsed time spent in this place.
 B = Non-inter-level travel time spent in this place.
 C = Inter-level travel time spent in this place.
 D = Time resting spent in this place.
 E = Time spent auto-exploring this place.
 F = Levels seen in this place.
 G = Mean time per level.
                   A        B        C        D        E       F      G
               +--------+--------+--------+--------+--------+-----+--------+
         Total |   5845 |   5568 |    277 |      0 |   4203 |   7 |  835.0 |
       Dungeon |   5822 |   5555 |    267 |      0 |   4192 |   6 |  970.3 |
        Temple |     23 |     13 |     10 |      0 |     11 |   1 |   23.0 |
               +--------+--------+--------+--------+--------+-----+--------+

Top non-repeatable levels by time:
     D:5: 1810 daAuts
     D:2: 1181 daAuts
     D:3: 1133 daAuts
     D:4: 852 daAuts
     D:1: 779 daAuts
     D:6: 64 daAuts
  Temple: 23 daAuts
